 Dungeon Sprint DCSS version 0.15.0 (webtiles) character file.

211 Iskender the Martial Artist (level 5, -3/27 HPs)
             Began as a Vine Stalker Monk on Aug 29, 2014.
             Was a Believer of Qazlal.
             Slain by a yak (13 damage)
             ... in the Dungeon (Sprint I: "Red Sonja").
             The game lasted 00:02:15 (246 turns).

Iskender the Martial Artist (Vine Stalker Monk)      Turns: 246, Time: 00:02:15

HP  -3/27        AC  2     Str 14      XL: 5   Next: 88%
MP   0/7         EV 13     Int 10      God: Qazlal [**....]
Gold 305         SH  2     Dex 17      Spells:  0 memorised,  4 levels left

rFire  . . .     SeeInvis .       - Unarmed
rCold  . . .     Clarity  .     a - +0 robe
rNeg   . . .     rCorr    .     (no shield)
rPois  .         rRot     +     (no helmet)
rElec  .         Spirit   +     (no cloak)
SustAb .         Warding  .     (no gloves)
rMut   .         NoTele   +     (no boots)
Gourm  .                        (no amulet)
MR     .....                    (no ring)
                                (no ring)

@: not resistant to hostile enchantments, unstealthy
A: fangs 2, regeneration 1, magic shield, antimagic bite, no device heal 3, rot
immunity
a: Upheaval, Renounce Religion


You were in the Dungeon.
You worshipped Qazlal.
Qazlal was pleased with you.
You were not hungry.

You visited 1 branch You collected 305 gold pieces.

Inventory:

Hand weapons
 d - a +2 vampiric dagger
Missiles
 i - 22 bolts
Armour
 a - a +0 robe (worn)
Magical devices
 g - a wand of magic darts (1)
Comestibles
 b - a bread ration
Scrolls
 h - a scroll of blinking
Potions
 c - a potion of curing
 e - a potion of haste
 f - 2 potions of magic


   Skills:
 - Level 2.6 Fighting
 - Level 2.4 Dodging
 - Level 2.4 Stealth
 + Level 12.0 Unarmed Combat
 + Level 0.0 Evocations


You had 4 spell levels left.
You didn't know any spells.

Dungeon Overview and Level Annotations

Branches:
Dungeon (1/1)

Altars:
Elyvilon
Kikubaaqudgha
Makhleb
Nemelex Xobeh
Okawaru
Qazlal
Sif Muna
Trog
Vehumet
Xom
Yredelemnul
Zin
The Shining One

Shops:
D %


Innate Abilities, Weirdness & Mutations

You have extremely sharp teeth.
Your natural rate of healing is unusually fast.
When hurt, damage is shared between your health and your magic reserves.
Your bite disrupts and absorbs the magic of your enemies.
Potions and wands cannot restore your health.
You are immune to rotting.


Message History

There is a stormy altar of Qazlal here.
You kneel at the altar of Qazlal.
Qazlal welcomes you!
Qazlal will now protect you from your own clouds.
You are surrounded by a storm.
You can now call upon nature to destroy your foes.
The yak closely misses you.
You punch the yak!
The yak is moderately wounded.
The yak barely misses you.
You barely miss the yak.
The yak is moderately wounded.
The yak gores you!
You punch the yak!
The yak is heavily wounded.
The yak gores you!
You hit the yak. Your bite misses the yak.
The yak is heavily wounded.
The yak gores you!
You die...

################
#<.#..').#..'..#
#..').#..'..#..+
#..#####'#####'#
#..####..#...#.#
#..#_.####..##)#
#..#_..._##'#..+
#⌠⌠#_.∩@Y.'..._#
####_..._##_.#'#
#_____###+#.#
####### ###


You could see a yak.

Vanquished Creatures
  An ogre (D)
  Sigmund (D)
  A jelly (D)
  Ijyb (D)
4 creatures vanquished.

Vanquished Creatures (others)
  A gargoyle (D)
1 creature vanquished.

Grand Total: 5 creatures vanquished

Notes
Turn   | Place    | Note
--------------------------------------------------------------
     0 | D        | Iskender, the Vine Stalker Monk, began the quest for the Orb.
     0 | D        | Reached XP level 1. HP: 11/11 MP: 1/1
     1 | D        | Noticed Ijyb
     9 | D        | Killed Ijyb
     9 | D        | Reached skill level 6 in Unarmed Combat
     9 | D        | Reached XP level 2. HP: 16/16 MP: 3/3
    10 | D        | Noticed an ogre
    13 | D        | Killed an ogre
    13 | D        | Reached skill level 10 in Unarmed Combat
    13 | D        | Reached XP level 3. HP: 19/19 MP: 4/4
    13 | D        | Reached XP level 4. HP: 23/23 MP: 5/5
    35 | D        | Noticed Sigmund
    82 | D        | Killed Sigmund
    82 | D        | Reached skill level 11 in Unarmed Combat
    82 | D        | Reached XP level 5. HP: 7/27 MP: 5/7
   146 | D        | Killed a gargoyle
   162 | D        | Found a deep blue altar of Sif Muna.
   163 | D        | Noticed a jelly
   164 | D        | Found a radiant altar of Vehumet.
   167 | D        | Killed a jelly
   167 | D        | Reached skill level 12 in Unarmed Combat
   193 | D        | Found Wyegracvo's Food Emporium.
   193 | D        | Found a white marble altar of Elyvilon.
   193 | D        | Found a stormy altar of Qazlal.
   193 | D        | Found a basalt altar of Yredelemnul.
   193 | D        | Found an iron altar of Okawaru.
   193 | D        | Found a sparkling altar of Nemelex Xobeh.
   193 | D        | Found a shimmering altar of Xom.
   193 | D        | Found an ancient bone altar of Kikubaaqudgha.
   193 | D        | Noticed a yak
   194 | D        | Found a burning altar of Makhleb.
   194 | D        | Found a glowing golden altar of the Shining One.
   194 | D        | Found a glowing silver altar of Zin.
   239 | D        | Found a bloodstained altar of Trog.
   241 | D        | Became a worshipper of Qazlal Stormbringer
   241 | D        | Acquired Qazlal's first power
   241 | D        | Acquired Qazlal's second power
   246 | D        | Slain by a yak

Action                   |  1- 3 |  4- 6 || total
-------------------------+-------+-------++-------
Melee: Unarmed           |     6 |    11 ||    17
Evoke: Wand              |       |     2 ||     2
  Use: Potion            |     1 |       ||     1
